 Dungeon Crawl Stone Soup version 0.29-a0-330-g52719c12eb (webtiles) character file.

Game seed: 1021399824021944387

21094 sanka the Martial Artist (level 12, -3/97 HPs)
             Began as a Gnoll Monk on Apr 29, 2022.
             Was a High Priest of Okawaru.
             Slain by a komodo dragon (14 damage)
             ... on level 3 of the Lair of Beasts.
             The game lasted 00:30:15 (13253 turns).

sanka the Martial Artist (Gnoll Monk)              Turns: 13253, Time: 00:30:15

Health: -3/97      AC: 14    Str: 15    XL:     12   Next: 86%
Magic:  19/23      EV: 22    Int: 11    God:    Okawaru [*****.]
Gold:   2307       SH:  0    Dex: 19    Spells: 26/26 levels left

rFire   . . .      SeeInvis .   b - +2 lajatang (elec)
rCold   + + .      Faith    .   (shield currently unavailable)
rNeg    . . .      Spirit   .   W - +1 robe {rC+}
rPois   .          Reflect  .   y - +0 helmet
rElec   +          Harm     .   U - +2 cloak
rCorr   .          Rampage  .   k - +1 pair of gloves
Will    +....                   P - +1 pair of boots "Ebbekhin" {+Inv rElec Str+2 Dex+3}
Stlth   ++++++....              z - amulet of regeneration
HPRegen 1.06/turn               G - ring of willpower
MPRegen 0.18/turn               m - ring of protection from cold

@: lethally poisoned (-3 -> -4), heroic, finesse-ful
A: fangs 1, strong nose, distributed training
a: Renounce Religion, Evoke Invisibility, Heroism, Finesse, Duel


You were on level 3 of the Lair of Beasts.
You worshipped Okawaru.
Okawaru was extremely pleased with you.
You visited 2 branches of the dungeon, and saw 15 of its levels.

You collected 2307 gold pieces.


Innate Abilities, Weirdness & Mutations

You have very sharp teeth.
Your uncanny sense of smell can sniff out nearby items.
Your experience applies equally to all skills.


   Skills:
 + Level 10.1(15.1) Fighting
 + Level 7.7(12.7) Short Blades
 + Level 7.7(12.7) Long Blades
 + Level 7.7(12.7) Axes
 + Level 7.7(12.7) Maces & Flails
 + Level 7.7(12.7) Polearms
 + Level 7.7(12.7) Staves
 + Level 7.7(12.7) Slings
 + Level 7.7(12.7) Bows
 + Level 7.7(12.7) Crossbows
 + Level 7.7(12.7) Throwing
 + Level 7.7(12.7) Armour
 + Level 10.1(15.1) Dodging
 + Level 8.8(13.8) Stealth
 + Level 7.7(12.7) Shields
 + Level 10.1(15.1) Unarmed Combat
 + Level 7.7 Spellcasting
 + Level 6.4 Conjurations
 + Level 6.4 Hexes
 + Level 6.4 Summonings
 + Level 6.4 Necromancy
 + Level 6.4 Translocations
 + Level 6.4 Transmutations
 + Level 6.4 Fire Magic
 + Level 6.4 Ice Magic
 + Level 6.4 Air Magic
 + Level 6.4 Earth Magic
 + Level 6.4 Poison Magic
 + Level 8.4 Invocations
 + Level 7.7 Evocations


You had 26 spell levels left.
You didn't know any spells.
Your spell library contained the following spells:

 Spells                   Type           Power      Damage    Failure   Level
 Shock                    Conj/Air       72%        1d7       1%          1
 Confusing Touch          Hex            18%        N/A       3%          3
 Dazzling Flash           Conj/Hex       36%        N/A       3%          3
 Lesser Beckoning         Tloc           18%        N/A       3%          3
 Mephitic Cloud           Conj/Pois/Air  18%        N/A       3%          3
 Swiftness                Air            18%        N/A       3%          3
 Airstrike                Air            9%         N/A       12%         4
 Passage of Golubria      Tloc           18%        N/A       12%         4
 Agony                    Necr           18%        N/A       32%         5
 Freezing Cloud           Conj/Ice/Air   9%         6-21      32%         5
 Silence                  Hex/Air        9%         N/A       32%         5
 Yara's Violent Unravell  Hex/Tmut       9%         3d6       32%         5
 Enfeeble                 Hex            9%         N/A       100%        7
 Polar Vortex             Ice            9%         N/A       100%        9
 Summon Small Mammal      Summ           Unusable   N/A       N/A         1
 Call Canine Familiar     Summ           Unusable   N/A       N/A         3
 Summon Guardian Golem    Hex/Summ       Unusable   N/A       N/A         3
 Tukima's Dance           Hex            Unusable   N/A       N/A         3
 Summon Ice Beast         Ice/Summ       Unusable   N/A       N/A         4
 Summon Mana Viper        Hex/Summ       Unusable   N/A       N/A         5
 Simulacrum               Ice/Necr       Unusable   N/A       N/A         6
 Monstrous Menagerie      Summ           Unusable   N/A       N/A         7

Inventory:

Hand Weapons
 a - the +8 spear of the Hurtling Scorpion {freeze, *Rage Will+ Int+3}

   It freezes those it strikes, dealing additional cold damage.
   It can also slow down cold-blooded creatures.
   Int:       It affects your intelligence (+3).
   *Rage:     It berserks you when you make melee attacks (+20% chance).
   Will:      It increases your willpower.
 b - a +2 lajatang of electrocution (weapon)
 v - the +5 war axe of Rubbish {vorpal, Fly Str+2}

   It inflicts extra damage upon your enemies.
   Str:       It affects your strength (+2).
   Fly:       It grants you flight.
 R - a +3 halberd
Missiles
 n - 16 boomerangs
 L - a throwing net {=f}
 M - 44 poisoned darts
 O - 7 curare-tipped darts (quivered) {=f}
 V - 5 silver javelins
Armour
 k - a +1 pair of gloves (worn)
 y - a +0 helmet (worn)
 P - the +1 pair of boots "Ebbekhin" (worn) {+Inv rElec Str+2 Dex+3}

   Str:       It affects your strength (+2).
   Dex:       It affects your dexterity (+3).
   rElec:     It insulates you from electricity.
   +Inv:      It lets you turn invisible.
 U - a +2 cloak (worn)
 W - a +1 robe of cold resistance (worn)
Magical Staves
 u - a staff of fire
Jewellery
 m - a ring of protection from cold (right hand)
 p - a ring of protection from cold
 z - an amulet of regeneration (around neck)
 G - a ring of willpower (left hand)
Wands
 j - a wand of acid (10)
 r - a wand of iceblast (16)
 E - a wand of paralysis (14)
 I - a wand of polymorph (9)
 T - a wand of digging (10)
 Y - a wand of flame (8)
Scrolls
 c - 6 scrolls of teleportation {@r4}
 h - 5 scrolls of immolation {!r}
 o - 3 scrolls of fear
 q - a scroll of silence {!r}
 t - a scroll of blinking
 w - 2 scrolls of enchant weapon
 A - 4 scrolls of fog
 K - 3 scrolls of brand weapon
 N - a scroll of enchant armour
Potions
 d - a potion of invisibility {unknown}
 e - a potion of brilliance {unknown}
 g - 10 potions of curing {@q1}
 i - 2 potions of mutation {unknown}
 l - a potion of degeneration {unknown}
 s - 3 potions of attraction {unknown}
 x - a potion of ambrosia
 B - 3 potions of cancellation
 C - 2 potions of berserk rage {unknown}
 D - 3 potions of heal wounds {@q2}
 F - a potion of resistance {unknown}
 H - 3 potions of lignification {!q}
 J - a potion of magic {unknown}
 Q - a potion of haste {unknown}
 S - a potion of might {unknown}
 X - a potion of flight {unknown}

Dungeon Overview and Level Annotations

Branches:
Dungeon (11/15)            Temple (0/1) D:7            Lair (4/6) D:11
  Swamp (0/4) Lair:3        Snake (0/4) Lair:4
    Orc: D:9-12

Altars:
Ashenzari
Cheibriados
Elyvilon
Kikubaaqudgha
Okawaru
Sif Muna
Trog
Vehumet
Wu Jian

Annotations:
Lair:1 1 runed translucent door, Fulomu's ghost, journeyman MiEn
Lair:2 3 runed translucent doors, kae's ghost, journeyman DgFE

▒▒▒ ▒
▒▒▒▒▒.f▒▒▒.▒
...........
∆ ▒.....▒
▒lg..▒
▒....▒ ∆
▒....<▒
▒▒....▒
...♣≈≈
...♣≈≈≈≈ ≈.♣
≈###≈ ▒≈≈
≈≈##≈≈


You could see a komodo dragon.


Message History

You feel sick. The naga spits poison at you. The splash of poison hits you.
You are more poisoned.
* * * LOW HITPOINT WARNING * * *
There is a stone staircase leading up here.
You feel very sick.
The rime drake hisses angrily.
The komodo dragon bites you!
* * * LOW HITPOINT WARNING * * *
You climb upwards.
You feel sick.
Found an escape hatch in the ceiling.
Found a staircase to the Swamp.
There is a stone staircase leading down here.
Unknown command.
You slash the komodo dragon!
The komodo dragon is moderately wounded.
You feel sick.
You slice the komodo dragon!!
The komodo dragon is almost dead.
The komodo dragon misses you.
You hit the komodo dragon but do no damage.
The komodo dragon is almost dead.
You feel sick.
You hit the komodo dragon but do no damage.
The komodo dragon is almost dead.
You feel sick. The komodo dragon bites you!
You die...

Action                   |  1- 3 |  4- 6 |  7- 9 | 10-12 || total
-------------------------+-------+-------+-------+-------++-------
Melee: Unarmed           |    89 |   119 |       |       ||   208
       Bite              |     8 |    17 |    11 |    67 ||   103
       Punch             |       |     8 |     8 |    21 ||    37
       Spear             |       |    17 |   191 |   316 ||   524
       Lajatang          |       |       |       |   188 ||   188
Throw: Boomerang         |       |       |     2 |       ||     2
       Dart              |       |       |     6 |    14 ||    20
Invok: Heroism           |       |     5 |     1 |    15 ||    21
       Finesse           |       |       |       |     1 ||     1
Evoke: Wand              |       |       |       |     5 ||     5
  Use: Potion            |       |     1 |       |       ||     1
       Scroll            |       |       |       |    22 ||    22
 Stab: Sleeping          |    10 |     8 |     5 |    14 ||    37
       Distracted        |       |     1 |     1 |       ||     2
Armor: Robe              |    10 |    28 |    21 |   110 ||   169
Dodge: Dodged            |    43 |   102 |    75 |   359 ||   579

Levels and vault maps discovered:
D:1:      erik_arrival_cave_to_civilisation [erik_arrival_cave_to_temple],
          layout_loops_ring, grunt_decor_junction
D:2:      layout_loops_cross
D:3:      layout_loops_ring, mainiacjoe_overflow_small_starburst,
          serial_bayou_ford_a
D:4:      kennysheep_the_goblin_king, layout_basic,
          mainiacjoe_overflow_boulevard, mainiacjoe_overflow_alcove_4
D:5:      layout_loops_ring, nicolae_kikubaaqudgha_miasma_corner,
          cheibriados_altar_1
D:6:      layout_basic, nicolae_overflow_squiral,
          hangedman_abyss_or_decor_stagger, grunt_decor_cap, uniq_menkaure,
          uniq_duvessa
D:7:      layout_gridville, minmay_temple_entry_enclosed_plants
D:8:      layout_rooms
D:9:      lemuel_troll_bridge, layout_irregular_city, lemuel_round_altar,
          mainiacjoe_overflow_brackets, serial_ice, serial_ice_d, serial_ice_k,
          serial_ice_h, serial_ice_f, serial_ice_n, serial_ice_c
D:10:     layout_roguey, minivault_26
D:11:     layout_roguey, lair_entry_dummy
Lair:1:   layout_roguey, ebering_ghost_reflecting_pool, uniq_fannar
Lair:2:   layout_regular_city, gammafunk_ghost_icy, infiniplex_staircase_pool_2
Lair:3:   layout_regular_city, swamp_mist_pool
Lair:4:   layout_roguey, minmay_snake_entry_guardpost_small,
          gauntlet_entry_generic, wad_woods_river_04

Notes
Turn   | Place    | Note
-------+----------+-------------------------------------------
     0 | D:1      | sanka the Gnoll Monk began the quest for the Orb.
     0 | D:1      | Reached XP level 1. HP: 23/23 MP: 1/1
   183 | D:1      | Reached XP level 2. HP: 29/29 MP: 2/2
   654 | D:1      | Reached XP level 3. HP: 31/35 MP: 3/3
  1328 | D:2      | Reached skill level 1 in Invocations
  1608 | D:2      | Reached skill level 1 in Short Blades
  1608 | D:2      | Reached skill level 1 in Long Blades
  1608 | D:2      | Reached skill level 1 in Axes
  1608 | D:2      | Reached skill level 1 in Maces & Flails
  1608 | D:2      | Reached skill level 1 in Polearms
  1608 | D:2      | Reached skill level 1 in Staves
  1608 | D:2      | Reached skill level 1 in Slings
  1608 | D:2      | Reached skill level 1 in Bows
  1608 | D:2      | Reached skill level 1 in Crossbows
  1608 | D:2      | Reached skill level 1 in Throwing
  1608 | D:2      | Reached skill level 1 in Armour
  1608 | D:2      | Reached skill level 1 in Shields
  1608 | D:2      | Reached skill level 1 in Spellcasting
  1608 | D:2      | Reached skill level 1 in Evocations
  1887 | D:2      | Reached XP level 4. HP: 41/41 MP: 5/5
  2286 | D:3      | Found an ornate altar of the Wu Jian Council.
  3047 | D:4      | Reached skill level 1 in Conjurations
  3047 | D:4      | Reached skill level 1 in Hexes
  3047 | D:4      | Reached skill level 1 in Summonings
  3047 | D:4      | Reached skill level 1 in Necromancy
  3047 | D:4      | Reached skill level 1 in Translocations
  3047 | D:4      | Reached skill level 1 in Transmutations
  3047 | D:4      | Reached skill level 1 in Fire Magic
  3047 | D:4      | Reached skill level 1 in Ice Magic
  3047 | D:4      | Reached skill level 1 in Air Magic
  3047 | D:4      | Reached skill level 1 in Earth Magic
  3047 | D:4      | Reached skill level 1 in Poison Magic
  3208 | D:4      | Found an iron altar of Okawaru.
  3238 | D:4      | Became a worshipper of Warmaster Okawaru
  3238 | D:4      | Reached * piety under Okawaru
  3238 | D:4      | Reached ** piety under Okawaru
  3326 | D:4      | Reached XP level 5. HP: 14/47 MP: 4/6
  3329 | D:4      | HP: 3/47 [gnoll/+0 club (5)]
  3331 | D:4      | HP: 1/47 [something/magic dart (6)]
  3817 | D:4      | Reached skill level 2 in Invocations
  3817 | D:4      | Reached XP level 6. HP: 52/53 MP: 8/8
  3985 | D:4      | Found a white marble altar of Elyvilon.
  4106 | D:4      | Noticed a black bear
  4116 | D:4      | Killed a black bear
  4117 | D:4      | Reached skill level 2 in Short Blades
  4117 | D:4      | Reached skill level 2 in Long Blades
  4117 | D:4      | Reached skill level 2 in Axes
  4117 | D:4      | Reached skill level 2 in Maces & Flails
  4117 | D:4      | Reached skill level 2 in Polearms
  4117 | D:4      | Reached skill level 2 in Staves
  4117 | D:4      | Reached skill level 2 in Slings
  4117 | D:4      | Reached skill level 2 in Bows
  4117 | D:4      | Reached skill level 2 in Crossbows
  4117 | D:4      | Reached skill level 2 in Throwing
  4117 | D:4      | Reached skill level 2 in Armour
  4117 | D:4      | Reached skill level 2 in Shields
  4117 | D:4      | Reached skill level 2 in Spellcasting
  4117 | D:4      | Reached skill level 2 in Evocations
  4250 | D:5      | Entered Level 5 of the Dungeon
  4295 | D:5      | Identified the +8 spear of the Hurtling Scorpion {freeze,
                  | *Rage Will+ Int+3}
  4437 | D:5      | Reached XP level 7. HP: 59/59 MP: 10/10
  4577 | D:5      | Reached skill level 7 in Fighting
  4577 | D:5      | Reached skill level 7 in Dodging
  4577 | D:5      | Reached skill level 7 in Unarmed Combat
  4595 | D:5      | Found a snail-covered altar of Cheibriados.
  4674 | D:5      | Reached skill level 2 in Conjurations
  4674 | D:5      | Reached skill level 2 in Hexes
  4674 | D:5      | Reached skill level 2 in Summonings
  4674 | D:5      | Reached skill level 2 in Necromancy
  4674 | D:5      | Reached skill level 2 in Translocations
  4674 | D:5      | Reached skill level 2 in Transmutations
  4674 | D:5      | Reached skill level 2 in Fire Magic
  4674 | D:5      | Reached skill level 2 in Ice Magic
  4674 | D:5      | Reached skill level 2 in Air Magic
  4674 | D:5      | Reached skill level 2 in Earth Magic
  4674 | D:5      | Reached skill level 2 in Poison Magic
  4750 | D:5      | Found an ancient bone altar of Kikubaaqudgha.
  5126 | D:6      | Reached skill level 5 in Stealth
  5162 | D:6      | Noticed Menkaure
  5175 | D:6      | Killed Menkaure
  5176 | D:6      | Reached skill level 3 in Invocations
  5429 | D:6      | Reached XP level 8. HP: 67/67 MP: 12/12
  5537 | D:6      | Noticed Duvessa
  5558 | D:6      | Killed Duvessa
  5559 | D:6      | Reached skill level 3 in Short Blades
  5559 | D:6      | Reached skill level 3 in Long Blades
  5559 | D:6      | Reached skill level 3 in Axes
  5559 | D:6      | Reached skill level 3 in Maces & Flails
  5559 | D:6      | Reached skill level 3 in Polearms
  5559 | D:6      | Reached skill level 3 in Staves
  5559 | D:6      | Reached skill level 3 in Slings
  5559 | D:6      | Reached skill level 3 in Bows
  5559 | D:6      | Reached skill level 3 in Crossbows
  5559 | D:6      | Reached skill level 3 in Throwing
  5559 | D:6      | Reached skill level 3 in Armour
  5559 | D:6      | Reached skill level 3 in Shields
  5559 | D:6      | Reached skill level 3 in Spellcasting
  5559 | D:6      | Reached skill level 3 in Evocations
  5688 | D:6      | Found a radiant altar of Vehumet.
  5700 | D:6      | Found a broken altar of Ashenzari.
  5720 | D:6      | Reached *** piety under Okawaru
  5739 | D:6      | Noticed Dowan
  5745 | D:6      | Killed Dowan
  6363 | D:7      | Reached skill level 3 in Conjurations
  6363 | D:7      | Reached skill level 3 in Hexes
  6363 | D:7      | Reached skill level 3 in Summonings
  6363 | D:7      | Reached skill level 3 in Necromancy
  6363 | D:7      | Reached skill level 3 in Translocations
  6363 | D:7      | Reached skill level 3 in Transmutations
  6363 | D:7      | Reached skill level 3 in Fire Magic
  6363 | D:7      | Reached skill level 3 in Ice Magic
  6363 | D:7      | Reached skill level 3 in Air Magic
  6363 | D:7      | Reached skill level 3 in Earth Magic
  6363 | D:7      | Reached skill level 3 in Poison Magic
  6363 | D:7      | Reached skill level 4 in Invocations
  6507 | D:7      | Reached XP level 9. HP: 72/72 MP: 14/14
  6610 | D:7      | Reached **** piety under Okawaru
  6649 | D:7      | Found a staircase to the Ecumenical Temple.
  6989 | D:8      | Reached skill level 4 in Short Blades
  6989 | D:8      | Reached skill level 4 in Long Blades
  6989 | D:8      | Reached skill level 4 in Axes
  6989 | D:8      | Reached skill level 4 in Maces & Flails
  6989 | D:8      | Reached skill level 4 in Polearms
  6989 | D:8      | Reached skill level 4 in Staves
  6989 | D:8      | Reached skill level 4 in Slings
  6989 | D:8      | Reached skill level 4 in Bows
  6989 | D:8      | Reached skill level 4 in Crossbows
  6989 | D:8      | Reached skill level 4 in Throwing
  6989 | D:8      | Reached skill level 4 in Armour
  6989 | D:8      | Reached skill level 4 in Shields
  6989 | D:8      | Reached skill level 4 in Spellcasting
  6989 | D:8      | Reached skill level 4 in Evocations
  7189 | D:8      | Reached skill level 6 in Stealth
  7657 | D:9      | Reached skill level 8 in Fighting
  7657 | D:9      | Reached skill level 8 in Dodging
  7657 | D:9      | Reached skill level 8 in Unarmed Combat
  7672 | D:9      | Noticed a deep elf pyromancer
  7687 | D:9      | Killed a deep elf pyromancer
  7688 | D:9      | Reached skill level 5 in Invocations
  7724 | D:9      | Reached XP level 10. HP: 80/80 MP: 17/17
  7775 | D:9      | Reached skill level 4 in Conjurations
  7775 | D:9      | Reached skill level 4 in Hexes
  7775 | D:9      | Reached skill level 4 in Summonings
  7775 | D:9      | Reached skill level 4 in Necromancy
  7775 | D:9      | Reached skill level 4 in Translocations
  7775 | D:9      | Reached skill level 4 in Transmutations
  7775 | D:9      | Reached skill level 4 in Fire Magic
  7775 | D:9      | Reached skill level 4 in Ice Magic
  7775 | D:9      | Reached skill level 4 in Air Magic
  7775 | D:9      | Reached skill level 4 in Earth Magic
  7775 | D:9      | Reached skill level 4 in Poison Magic
  7935 | D:9      | Reached skill level 5 in Short Blades
  7935 | D:9      | Reached skill level 5 in Long Blades
  7935 | D:9      | Reached skill level 5 in Axes
  7935 | D:9      | Reached skill level 5 in Maces & Flails
  7935 | D:9      | Reached skill level 5 in Polearms
  7935 | D:9      | Reached skill level 5 in Staves
  7935 | D:9      | Reached skill level 5 in Slings
  7935 | D:9      | Reached skill level 5 in Bows
  7935 | D:9      | Reached skill level 5 in Crossbows
  7935 | D:9      | Reached skill level 5 in Throwing
  7935 | D:9      | Reached skill level 5 in Armour
  7935 | D:9      | Reached skill level 5 in Shields
  7935 | D:9      | Reached skill level 5 in Spellcasting
  7935 | D:9      | Reached skill level 5 in Evocations
  8163 | D:9      | Noticed a kobold demonologist
  8166 | D:9      | Noticed a kobold demonologist
  8166 | D:9      | Noticed a kobold demonologist
  8167 | D:9      | Noticed a kobold demonologist
  8175 | D:10     | Entered Level 10 of the Dungeon
  8182 | D:10     | Killed a kobold demonologist
  8236 | D:9      | Noticed a sixfirhy
  8241 | D:10     | Reached ***** piety under Okawaru
  8294 | D:9      | Killed a kobold demonologist
  8298 | D:9      | Killed a kobold demonologist
  8301 | D:9      | Killed a kobold demonologist
  8308 | D:9      | Reached skill level 6 in Invocations
  8367 | D:9      | Found a bloodstained altar of Trog.
  8388 | D:9      | Reached skill level 7 in Stealth
  8410 | D:9      | Found a shimmering blue altar of Sif Muna.
  8635 | D:9      | Identified the +1 pair of boots "Ebbekhin" {+Inv rElec
                  | Str+2 Dex+3} (Okawaru gifted it to you on level 9 of the
                  | Dungeon)
  8635 | D:9      | Received a gift from Okawaru
  8832 | D:9      | Reached XP level 11. HP: 87/87 MP: 19/19
  9004 | D:9      | Noticed a two-headed ogre
  9012 | D:9      | Reached skill level 9 in Fighting
  9012 | D:9      | Reached skill level 9 in Dodging
  9012 | D:9      | Reached skill level 9 in Unarmed Combat
  9019 | D:9      | Killed a two-headed ogre
  9020 | D:9      | Reached skill level 6 in Short Blades
  9020 | D:9      | Reached skill level 6 in Long Blades
  9020 | D:9      | Reached skill level 6 in Axes
  9020 | D:9      | Reached skill level 6 in Maces & Flails
  9020 | D:9      | Reached skill level 6 in Polearms
  9020 | D:9      | Reached skill level 6 in Staves
  9020 | D:9      | Reached skill level 6 in Slings
  9020 | D:9      | Reached skill level 6 in Bows
  9020 | D:9      | Reached skill level 6 in Crossbows
  9020 | D:9      | Reached skill level 6 in Throwing
  9020 | D:9      | Reached skill level 6 in Armour
  9020 | D:9      | Reached skill level 6 in Shields
  9020 | D:9      | Reached skill level 6 in Spellcasting
  9020 | D:9      | Reached skill level 5 in Conjurations
  9020 | D:9      | Reached skill level 5 in Hexes
  9020 | D:9      | Reached skill level 5 in Summonings
  9020 | D:9      | Reached skill level 5 in Necromancy
  9020 | D:9      | Reached skill level 5 in Translocations
  9020 | D:9      | Reached skill level 5 in Transmutations
  9020 | D:9      | Reached skill level 5 in Fire Magic
  9020 | D:9      | Reached skill level 5 in Ice Magic
  9020 | D:9      | Reached skill level 5 in Air Magic
  9020 | D:9      | Reached skill level 5 in Earth Magic
  9020 | D:9      | Reached skill level 5 in Poison Magic
  9020 | D:9      | Reached skill level 6 in Evocations
  9713 | D:10     | Noticed a two-headed ogre
  9729 | D:10     | Killed a two-headed ogre
  9868 | D:10     | Noticed a boulder beetle
  9875 | D:10     | Killed a boulder beetle
  9925 | D:10     | Reached skill level 7 in Invocations
 10433 | D:11     | Identified a scroll of acquirement
 10434 | D:11     | Acquired a +2 lajatang of electrocution
 10459 | D:11     | Noticed a cyclops
 10461 | D:11     | Noticed a manticore
 10481 | D:11     | Killed a cyclops
 10485 | D:11     | Killed a manticore
 10522 | D:11     | Noticed a seven-headed hydra
 10531 | D:11     | Killed a seven-headed hydra
 10532 | D:11     | Reached skill level 8 in Stealth
 10600 | D:11     | Noticed a six-headed hydra
 10609 | D:11     | Killed a six-headed hydra
 10609 | D:11     | Received a gift from Okawaru
 10689 | D:11     | Found a staircase to the Lair.
 10851 | D:11     | Reached XP level 12. HP: 96/96 MP: 22/22
 11280 | Lair:1   | Entered Level 1 of the Lair of Beasts
 11344 | Lair:1   | Acquired 1257 gold pieces
 11503 | Lair:1   | Got Casting in Simple Steps
 11536 | Lair:1   | Identified the +5 war axe of Rubbish {vorpal, Fly Str+2}
 11895 | Lair:1   | Reached skill level 7 in Short Blades
 11895 | Lair:1   | Reached skill level 7 in Long Blades
 11895 | Lair:1   | Reached skill level 7 in Axes
 11895 | Lair:1   | Reached skill level 7 in Maces & Flails
 11895 | Lair:1   | Reached skill level 7 in Polearms
 11895 | Lair:1   | Reached skill level 7 in Staves
 11895 | Lair:1   | Reached skill level 7 in Slings
 11895 | Lair:1   | Reached skill level 7 in Bows
 11895 | Lair:1   | Reached skill level 7 in Crossbows
 11895 | Lair:1   | Reached skill level 7 in Throwing
 11895 | Lair:1   | Reached skill level 7 in Armour
 11895 | Lair:1   | Reached skill level 7 in Shields
 11895 | Lair:1   | Reached skill level 7 in Spellcasting
 11895 | Lair:1   | Reached skill level 7 in Evocations
 11927 | Lair:1   | Found a runed translucent door.
 11962 | Lair:1   | Received a gift from Okawaru
 12040 | Lair:1   | Noticed Fannar
 12048 | Lair:1   | Killed Fannar
 12142 | Lair:1   | Noticed Fulomu's ghost (journeyman MiEn)
 12226 | Lair:1   | Noticed a boulder beetle
 12232 | Lair:1   | Killed a boulder beetle
 12233 | Lair:1   | Reached skill level 6 in Conjurations
 12233 | Lair:1   | Reached skill level 6 in Hexes
 12233 | Lair:1   | Reached skill level 6 in Summonings
 12233 | Lair:1   | Reached skill level 6 in Necromancy
 12233 | Lair:1   | Reached skill level 6 in Translocations
 12233 | Lair:1   | Reached skill level 6 in Transmutations
 12233 | Lair:1   | Reached skill level 6 in Fire Magic
 12233 | Lair:1   | Reached skill level 6 in Ice Magic
 12233 | Lair:1   | Reached skill level 6 in Air Magic
 12233 | Lair:1   | Reached skill level 6 in Earth Magic
 12233 | Lair:1   | Reached skill level 6 in Poison Magic
 12631 | Lair:2   | Reached skill level 8 in Invocations
 12687 | Lair:2   | Received a gift from Okawaru
 12698 | Lair:2   | Reached skill level 10 in Fighting
 12698 | Lair:2   | Reached skill level 10 in Dodging
 12698 | Lair:2   | Reached skill level 10 in Unarmed Combat
 12743 | Lair:2   | Found a runed translucent gate.
 12743 | Lair:2   | Found a runed translucent gate.
 12743 | Lair:2   | Found a runed translucent gate.
 12885 | Lair:2   | Noticed kae's ghost (journeyman DgFE)
 12949 | Lair:2   | Received a gift from Okawaru
 13113 | Lair:2   | Received a gift from Okawaru
 13226 | Lair:4   | Found a staircase to the Snake Pit.
 13237 | Lair:4   | Noticed a five-headed hydra
 13249 | Lair:3   | Found a staircase to the Swamp.
 13253 | Lair:3   | Slain by a komodo dragon

Vanquished Creatures
  Fannar (Lair:1)
  2 two-headed ogres
  2 hydras (D:11)
  2 boulder beetles
  A deep elf pyromancer (D:9)
  2 cyclopes (D:11)
  A manticore (D:11)
  5 elephants (Lair:2)
  2 cane toads
  2 komodo dragons
  6 kobold demonologists
  An unseen horror (D:11)
  A polar bear (D:9)
  4 trolls
  5 blink frogs (Lair:2)
  20 yaks
  A shadow (D:11)
  A wyvern (Lair:4)
  A basilisk (Lair:2)
  A steam dragon (D:8)
  Menkaure (D:6)
  A naga (Lair:4)
  5 water moccasins
  An acid dragon (D:11)
  Duvessa (D:6)
  3 ice beasts
  3 orc warriors
  3 sky beasts
  3 black bears
  7 wolves
  An ogre (D:5)
  3 centaurs
  A phantom (D:7)
  7 bullfrogs
  6 kobold brigands
  A gnoll sergeant (D:11)
  2 necrophages
  A scorpion (D:5)
  3 wights (D:10)
  Dowan (D:6)
  6 killer bees
  2 electric eels
  3 howler monkeys (D:7)
  2 gnoll shamans
  2 orc priests
  A hound (D:5)
  An iguana (D:7)
  5 orc wizards
  A centaur simulacrum (D:9)
  16 gnolls
  4 adders
  A white imp (D:6)
  4 ufetubi (D:9)
  2 worms (D:2)
  3 dart slugs
  22 orcs
  7 endoplasms
  3 giant cockroaches
  8 hobgoblins
  7 jackals
  20 kobolds
  5 quokkas
  2 ball pythons
  5 bats
  6 frilled lizards
  9 goblins
  2 rats
264 creatures vanquished.

Vanquished Creatures (others)
  14 fungi
  3 plants
17 creatures vanquished.

Grand Total: 281 creatures vanquished
